 Dungeon Crawl Stone Soup version 0.30-a0-465-g8901f6c8b5 (webtiles) character file.

Game seed: 3482116870583390035

2198 Darkkill the Skirmisher (level 9, -11/80 HPs)
             Began as a Minotaur Hunter on Dec 18, 2022.
             Was an Initiate of Gozag.
             Mangled by an orc wizard
             ... wielding a +1 dagger of electrocution
              (20 damage)
             ... on level 7 of the Dungeon.
             The game lasted 00:05:28 (5405 turns).

Darkkill the Skirmisher (Minotaur Hunter)           Turns: 5405, Time: 00:05:29

Health: -11/80     AC:  5    Str: 17    XL:     9   Next: 12%
Magic:  8/8        EV: 15    Int:  6    God:    Gozag
Gold:   443        SH:  0    Dex: 17    Spells: 8/8 levels left

rFire   . . .      SeeInvis .    a - +0 shortbow (drain)
rCold   . . .      Faith    .    (shield currently unavailable)
rNeg    . . .      Spirit   .    c - +0 leather armour
rPois   .          Reflect  .    p - +1 hat
rElec   .          Harm     .    (no cloak)
rCorr   .          Rampage  .    t - +0 pair of gloves
Will    .....                    (no boots)
Stlth   +++.......               (no amulet)
HPRegen 0.33/turn                (no ring)
MPRegen 0.11/turn                (no ring)

@: gold aura
A: horns 2, retaliatory headbutt
a: Renounce Religion, Potion Petition, Call Merchant, Bribe Branch


You were on level 7 of the Dungeon.
You worshipped Gozag.
Gozag was aware of your devotion.
You visited 1 branch of the dungeon, and saw 8 of its levels.

You collected 567 gold pieces.
You paid 124 gold pieces to Gozag.

Inventory:

Hand Weapons
 a - a +0 shortbow of draining (weapon)
Missiles
 e - 76 stones
 l - 21 poisoned darts
 o - 8 boomerangs
 w - 3 javelins
Armour
 c - a +0 leather armour (worn)
 p - a +1 hat (worn)
 t - a +0 pair of gloves (worn)
Jewellery
 d - a ring of poison resistance
Wands
 k - a wand of polymorph (12)
 u - a wand of paralysis (5)
 x - a wand of quicksilver (3)
Scrolls
 b - 2 scrolls of immolation
 m - a scroll of teleportation
Potions
 f - a potion of brilliance
 g - 2 potions of heal wounds {unknown}
 h - 2 potions of flight
 i - 6 potions of haste
 j - 2 potions of degeneration {unknown}
 n - 2 potions of resistance {unknown}
 q - 3 potions of lignification
 r - 3 potions of curing {unknown}
 s - a potion of attraction {unknown}
 v - a potion of might {unknown}
 z - a potion of mutation {unknown}


   Skills:
 + Level 7.6 Fighting
 + Level 8.0 Ranged Weapons
 + Level 6.9 Dodging
 + Level 5.5 Stealth


You had 8 spell levels left.
You didn't know any spells.
Your spell library contained the following spells:

 Spells                   Type           Power      Damage    Failure   Level
 Necrotise                Necr           0%         1d4       52%         1
 Portal Projectile        Hex/Tloc       0%         N/A       88%         3
 Tukima's Dance           Hex            0%         N/A       88%         3
 Vampiric Draining        Necr           0%         2d6       88%         3
 Airstrike                Air            0%         2d(0-16)  99%         4
 Summon Lightning Spire   Summ/Air       0%         N/A       99%         4
 Agony                    Necr           0%         N/A       100%        5
 Blade Hands              Tmut           0%         N/A       100%        5
 Lightning Bolt           Conj/Air       0%         1d11      100%        5


Dungeon Overview and Level Annotations

Branches:
Dungeon (8/15)
 Temple: D:4-7         Lair: D:8-11

Altars:
Gozag
Hepliaklqana
Nemelex Xobeh
Qazlal
Ru
Trog
Xom
Yredelemnul
Zin

Shops:
D:4 *


Innate Abilities, Weirdness & Mutations

You have a pair of horns on your head.
You reflexively headbutt those who attack you in melee.


Message History

The arrow hits the steam dragon but does no damage.
The steam dragon is severely wounded.
The steam dragon breathes steam at you. The ball of steam hits you!
You shoot an arrow.
The arrow hits the steam dragon but does no damage.
The steam dragon is severely wounded.
You are engulfed in a cloud of scalding steam.
The steam dragon bites you but does no damage.
The steam dragon barely misses you. The steam dragon closely misses you.
The steam dragon misses you.
You shoot an arrow.
The arrow closely misses the steam dragon.
You are engulfed in a cloud of scalding steam.
The steam dragon breathes steam at you. The ball of steam misses you.
You shoot an arrow. The arrow hits the steam dragon!
The steam dragon is almost dead.
You are engulfed in a cloud of scalding steam.
The steam dragon bites you. The steam dragon misses you.
You shoot an arrow.
The arrow closely misses the steam dragon.
The steam dragon misses you. You furiously retaliate!
You headbutt the steam dragon!
You kill the steam dragon!
You now have 427 gold pieces (gained 18).
There is a stone staircase leading down here.
Found a stone staircase leading up.
No target in view!
You now have 443 gold pieces (gained 16).
Done exploring.
No target in view!
Done exploring.
No target in view!
Done exploring.
No target in view!
Done exploring.
No target in view!
As you read the scroll of identify {@r1}, it crumbles to dust.
q - 3 potions of lignification You start putting on your armour.
You continue putting on your +1 hat. x4
You finish putting on your +1 hat.
You start putting on your armour.
You continue putting on your +0 pair of gloves. x4
You finish putting on your +0 pair of gloves.
There is a stone staircase leading up here.
There is an escape hatch in the floor here.
You slide downwards.
The hatch slams shut behind you.
Found a tubular granite ring.
You shoot an arrow. The arrow hits the necrophage!
The necrophage is moderately damaged.
You shoot an arrow. The arrow barely misses the necrophage.
The necrophage barely misses you. x2
You shoot an arrow. The arrow hits the necrophage.
The necrophage is heavily damaged.
The necrophage closely misses you.
An orc wizard comes into view.
It is wielding a +1 dagger of electrocution.
You shoot an arrow. The arrow hits the necrophage.
The necrophage is heavily damaged.
The necrophage hits you.
You feel drained.
The orc wizard casts a spell.
The orc wizard flickers and vanishes!
Deactivating autopickup; reactivate with Ctrl-A.
You shoot an arrow. The arrow hits the necrophage.
The necrophage is severely damaged.
The necrophage misses you.
You shoot an arrow. The arrow hits the necrophage.
The necrophage is severely damaged.
You hear a shout!
The necrophage barely misses you. Something hits you.
You shoot an arrow. The arrow hits the necrophage.
The necrophage is almost destroyed.
The necrophage barely misses you. Something hits you.
You are electrocuted!
You shoot an arrow.
The arrow closely misses the necrophage.
The necrophage closely misses you. You furiously retaliate!
You headbutt the necrophage!
You destroy the necrophage!
Something hits you.
You are electrocuted!!
Your life force feels restored.
Your Ranged Weapons skill increases to level 8!
You are too injured to fight recklessly!
You are too injured to fight recklessly!
You shoot an arrow.
You hear a shout!
You hear some strange, mumbled words.
A magic dart appears from out of thin air!
The magic dart hits you!
Unknown command.
You shoot an arrow.
An orc comes into view. It is wielding a +0 trident.
Something hits you.
You are electrocuted!
* * * LOW HITPOINT WARNING * * *
Something hits you but does no damage. The orc misses you.
You shoot an arrow. Something hits you.
* * * LOW HITPOINT WARNING * * *
The orc hits you but does no damage.
You shoot an arrow. Something hits you but does no damage.
You are electrocuted!!
You die...
Your body crumbles into a pile of gold.

....## ......
. # #.._.. ..
........ ###.
#....##
.########...
##... #.
..........####
......#.
.............#
#.....#.
......$@{...=+
#.......
..#######o...#
##...... ....#
####### ...#
####.... ..#
#....... .#
#....... #
#.....##
#.....#
#.....#


You could see an orc.

Vanquished Creatures
  Pikel (D:6)
  Eustachio (D:6)
  A steam dragon (D:6)
  2 water moccasins
  A black bear (D:4)
  An ice beast (D:6)
  2 ogres
  A lemure (D:6)
  2 phantoms
  A bullfrog (D:6)
  A necrophage (D:7)
  A scorpion (D:5)
  A howler monkey (D:6)
  A hound (D:6)
  2 orc priests (D:6)
  2 jellies
  4 iguanas
  An orc wizard (D:3)
  A hound zombie (D:3)
  4 gnolls
  10 adders
  2 white imps
  2 adder zombies (D:3)
  A worm (D:3)
  2 dart slugs
  17 orcs
  11 endoplasms
  5 giant cockroaches
  4 goblins
  9 hobgoblins
  3 jackals
  8 kobolds
  7 ball pythons
  3 bats
  2 frilled lizards
  A quokka zombie (D:3)
  7 rats
125 creatures vanquished.

Notes
Turn   | Place    | Note
-------+----------+-------------------------------------------
     0 | D:1      | Darkkill the Minotaur Hunter began the quest for the Orb.
     0 | D:1      | Reached XP level 1. HP: 18/18 MP: 0/0
   134 | D:1      | Reached skill level 1 in Stealth
   364 | D:1      | Reached XP level 2. HP: 24/25 MP: 1/1
   636 | D:1      | Found a bloodstained altar of Trog.
  1080 | D:2      | Reached XP level 3. HP: 31/31 MP: 2/2
  1096 | D:2      | Found a faded altar of an unknown god.
  1666 | D:3      | Reached XP level 4. HP: 37/38 MP: 3/3
  1812 | D:3      | Reached skill level 5 in Ranged Weapons
  1868 | D:3      | Found a basalt altar of Yredelemnul.
  1940 | D:3      | Found a sparkling altar of Nemelex Xobeh.
  2012 | D:3      | Reached XP level 5. HP: 46/46 MP: 4/4
  2091 | D:3      | Found a sacrificial altar of Ru.
  2398 | D:4      | Noticed an ogre
  2406 | D:3      | Killed an ogre
  2424 | D:3      | Reached XP level 6. HP: 25/53 MP: 5/5
  2830 | D:4      | Found Behaejoj's Neck Hole.
  3412 | D:5      | Entered Level 5 of the Dungeon
  3456 | D:5      | Reached skill level 5 in Fighting
  3456 | D:5      | Reached skill level 6 in Ranged Weapons
  3456 | D:5      | Reached XP level 7. HP: 58/61 MP: 6/6
  3833 | D:5      | Found a stormy altar of Qazlal.
  3842 | D:5      | Reached skill level 5 in Dodging
  3911 | D:5      | You fall into a shaft and drop 3 floors!
  3972 | D:7      | Found an opulent altar of Gozag.
  3972 | D:7      | Found a glowing silver altar of Zin.
  3989 | D:7      | Became a worshipper of Gozag Ym Sagoz the Greedy
  4029 | D:7      | Found a shimmering altar of Xom.
  4435 | D:6      | Reached XP level 8. HP: 70/70 MP: 7/7
  4463 | D:6      | Noticed Eustachio
  4494 | D:6      | Killed Eustachio
  4495 | D:6      | Reached skill level 7 in Ranged Weapons
  4719 | D:6      | Noticed Pikel
  4723 | D:6      | Killed Pikel
  4724 | D:6      | Reached skill level 5 in Stealth
  4956 | D:6      | Found a faded altar of an unknown god.
  4956 | D:6      | Found a faded altar of an unknown god.
  4958 | D:6      | Found a hazy altar of Hepliaklqana.
  5026 | D:6      | Reached XP level 9. HP: 79/79 MP: 8/8
  5402 | D:7      | Reached skill level 8 in Ranged Weapons
  5403 | D:7      | HP: 10/80 [something (15)]
  5405 | D:7      | Mangled by an orc wizard

Illustrated notes

Levels and vault maps discovered:
D:1:      dpeg_arrival_lava_altar, layout_basic, serial_forest,
          infiniplex_forest_lined_3, infiniplex_forest_zigzag_1,
          infiniplex_forest_straight_1, infiniplex_forest_end_2,
          infiniplex_forest_straight_5, infiniplex_forest_lined_4_way,
          infiniplex_forest_straight_4, minivault_26
D:2:      layout_rooms, dreamdust_ecumenical_altar_statues, grunt_ministairs_13,
          serial_park_tiny_2
D:3:      minmay_chambers_of_twos, layout_basic, mainiacjoe_overflow_alcove_1,
          nicolae_ru_path_of_blood, nicolae_yredelemnul_corpse_copse
D:4:      layout_basic, nicolae_shop_sticking_my_neck_out
D:5:      layout_loops_cross, nicolae_qazlal_scattered_showers
D:6:      layout_loops_cross, nicolae_hepliaklqana_ecumenical_no_more,
          uniq_eustachio, uniq_pikel
D:7:      layout_basic, grunt_temple_overflow_gold_and_silver,
          pdpol_wu_jian_five_deadly_venoms, mainiacjoe_overflow_boulevard,
          mainiacjoe_overflow_24_doors, temple_doors_e,
          dreamdust_gnoll_shepherd, uniq_crazy_yiuf_cottage, uniq_prince_ribbit1
D:8:      layout_loops_ring, fountainhead, kennysheep_doodads,
          nicolae_shop_vocational, uniq_maggie, uniq_erica, uniq_psyche

Skill      XL: |  1  2  3  4  5  6  7  8  9 |
---------------+----------------------------+-----
Stealth        | 1 2 3 4 5 |  5.5
Fighting       | 3 4 5 6 7 |  7.6
Dodging        | 3 4 5 6 |  6.9
Ranged Weapons | 5 6 7 8 |  8.0

Action                   |  1- 3 |  4- 6 |  7- 9 || total
-------------------------+-------+-------+-------++-------
 Fire: Shortbow          |   130 |   110 |   152 ||   392
Evoke: Wand              |       |       |     6 ||     6
  Use: Scroll            |     5 |     4 |     2 ||    11
Armor: Leather armour    |     8 |    13 |    22 ||    43
Dodge: Dodged            |    34 |    60 |    74 ||   168

Table legend: (Time is in decaauts)
 A = Elapsed time spent in this place.
 B = Non-inter-level travel time spent in this place.
 C = Inter-level travel time spent in this place.
 D = Time resting spent in this place.
 E = Time spent auto-exploring this place.
 F = Levels seen in this place.
 G = Mean time per level.
                   A        B        C        D        E       F      G
               +--------+--------+--------+--------+--------+-----+--------+
         Total |   5504 |   5356 |    148 |    232 |   4290 |   8 |  688.0 |
       Dungeon |   5504 |   5356 |    148 |    232 |   4290 |   8 |  688.0 |
               +--------+--------+--------+--------+--------+-----+--------+

Top non-repeatable levels by time:
     D:6: 1242 daAuts
     D:3: 1128 daAuts
     D:1: 1031 daAuts
     D:4: 790 daAuts
     D:5: 620 daAuts
     D:2: 531 daAuts
     D:7: 130 daAuts
     D:8: 29 daAuts

Table legend:
 A = Kills in this place as a percentage of kills in entire the game.
 B = Kills by you in this place as a percentage of kills by you in the entire game.
 C = Kills by friends in this place as a percentage of kills by friends in the entire game.
 D = Other kills in this place as a percentage of other kills in the entire game.
 E = Experience gained in this place as a percentage of experience gained in the entire game.
 F = Experience gained in this place divided by the number of levels of this place that you have seen.
                   A       B       C       D       E      F
               +-------+-------+-------+-------+-------+----------------------
         Total | 100.0 | 100.0 |   N/A |   N/A | 100.0 | 392.6
       Dungeon | 100.0 | 100.0 |   N/A |   N/A | 100.0 | 392.6
               +-------+-------+-------+-------+-------+----------------------
